 Dungeon Crawl Stone Soup version 0.21-a0-84-g85d6d27 (webtiles) character file.

1162 polean the Vandal (level 7, -1/58 HPs)
             Began as a Demigod Hunter on July 3, 2017.
             Slain by a killer bee (2 damage)
             ... on level 7 of the Dungeon.
             The game lasted 00:56:16 (6068 turns).

polean the Vandal (Demigod Hunter)                  Turns: 6068, Time: 00:56:17

Health: -1/58      AC: 16    Str: 17      XL:     7   Next: 95%
Magic:  11/11      EV:  8    Int: 14 (15) God:
Gold:   296        SH:  0    Dex: 21      Spells: 6/6 levels left

rFire    . . .     SeeInvis .   n - +6 hunting sling (flame)
rCold    . . .     Gourm    .   (no shield)
rNeg     . . .     Faith    .   e - +3 chain mail
rPois    .         Spirit   .   (helmet restricted)
rElec    .         Reflect  .   (no cloak)
rCorr    .         Harm     .   x - +0 pair of gloves
MR       +....                  (no boots)
Stlth    ..........             (no amulet)
HPRegen  0.19/turn              u - ring of protection from magic
MPRegen  0.12/turn              p - +3 ring of dexterity

@: lethally poisoned (-1 -> -12), about to teleport
A: horns 1, talons 1, rugged brown scales 1, yellow scales 1, high mp 1,
mutation resistance 1
a: no special abilities


You were on level 7 of the Dungeon.
You were not hungry.

You visited 1 branch of the dungeon, and saw 7 of its levels.

You collected 296 gold pieces.

Inventory:

Hand Weapons
 n - a +6 hunting sling of flaming (weapon)
 B - a +1 flail of holy wrath
Missiles
 g - 193 stones (quivered)
 i - 151 arrows
 r - 46 sling bullets
 t - 96 bolts
Armour
 e - a +3 chain mail (worn)
 x - a +0 pair of gloves (worn)
Jewellery
 p - a +3 ring of dexterity (right hand)
 u - a ring of protection from magic (left hand)
Wands
 j - a wand of polymorph (17/24)
 m - a wand of disintegration (4/24)
 A - a wand of random effects (9/48)
Scrolls
 q - 6 scrolls of remove curse
Potions
 o - 3 potions of flight
 w - a potion of magic
Comestibles
 d - 3 meat rations
 f - 8 bread rations


   Skills:
 + Level 3.5 Fighting
   Level 1.2 Short Blades
 + Level 0.6(0.7) Maces & Flails
   Level 0.1(0.4) Staves
 + Level 5.8 Slings
   Level 4.5 Bows
 + Level 0.3(3.6) Throwing
 + Level 3.3 Armour
 + Level 1.9 Dodging
 + Level 1.0 Stealth
 + Level 2.1 Evocations


You had 6 spell levels left.
You didn't know any spells.

Dungeon Overview and Level Annotations

Branches:
Dungeon (7/15)             Temple (0/1) D:4


Innate Abilities, Weirdness & Mutations

You have an increased reservoir of magic. (+10% MP)
You have a pair of small horns on your head.
You have sharp toenails.
You are partially covered in rugged brown scales. (AC +1, +3% HP)
You are partially covered in yellow scales. (AC +2)
You are somewhat resistant to further mutation.


Message History

The killer bee stings you but does no damage. x2
Firing (i - inventory. (,) - cycle):
g - 194 stones (quivered)
Press: ? - help, Shift-Dir - straight line, f/p - killer bee
Aim: a killer bee (almost dead)
You shoot a stone. The stone misses the killer bee. x2
The stone barely misses the killer bee.
The killer bee stings you.
* * * LOW HITPOINT WARNING * * *
You are poisoned.
The killer bee poisons you!
The killer bee stings you but does no damage.
As you read the scroll of teleportation, it crumbles to dust.
You feel strangely unstable.
You feel sick.
The killer bee stings you but does no damage.
The killer bee barely misses you. The killer bee stings you.
* * * LOW HITPOINT WARNING * * *
You are more poisoned.
The killer bee poisons you!
* * * LOW HITPOINT WARNING * * *
You feel sick. The killer bee barely misses you. The killer bee stings you.
You die...

...(
###..>.
##.....##
##.....>.#
#.........
#.....(..(
#........(
#yy....%..
#@y......<
#........(
#.........
#.........
#.........
#.........
##....(..#
#.....#


You could see 3 killer bees.

Vanquished Creatures
  An ice beast (D:5)
  2 sky beasts
  An ogre (D:5)
  A wyvern zombie (D:6)
  A scorpion (D:5)
  A killer bee (D:7)
  The ghost of HallandMoats the Skirmisher, a weakling FoFi (D:3)
  2 crimson imps (D:5)
  3 orc wizards (D:5)
  An orc priest (D:5)
  A bullfrog skeleton (D:7)
  Natasha (twice) (D:4)
  2 iguanas
  3 worker ants
  A worker ant zombie (D:7)
  9 adders
  2 oozes (D:1)
  An adder zombie (D:6)
  4 worms
  2 dart slugs
  5 leopard geckos
  10 orcs
  A ball python (D:6)
  4 giant cockroaches
  9 goblins
  9 hobgoblins
  23 jackals
  2 quokkas
  3 bats
  6 frilled lizards
  10 kobolds
  A leopard gecko skeleton (D:4)
  A quokka zombie (D:7)
  6 rats
131 creatures vanquished.

Notes
Turn   | Place    | Note
-------+----------+-------------------------------------------
     0 | D:1      | polean the Demigod Hunter began the quest for the Orb.
     0 | D:1      | Reached XP level 1. HP: 17/17 MP: 3/3
   340 | D:1      | Reached XP level 2. HP: 24/24 MP: 4/4
   821 | D:1      | Reached XP level 3. HP: 29/29 MP: 5/5
  1064 | D:2      | Found a radiant altar of Vehumet.
  1174 | D:2      | Found a shadowy altar of Dithmenos.
  1724 | D:2      | Reached skill level 1 in Slings
  1724 | D:2      | Reached XP level 4. HP: 36/36 MP: 6/6
  1792 | D:2      | Reached skill level 1 in Short Blades
  1931 | D:3      | Noticed HallandMoats's ghost (weakling FoFi)
  2485 | D:3      | Killed HallandMoats's ghost
  2485 | D:3      | Reached skill level 2 in Slings
  2485 | D:3      | Reached skill level 1 in Armour
  2707 | D:3      | Reached XP level 5. HP: 41/41 MP: 7/7
  3359 | D:4      | Found a staircase to the Ecumenical Temple.
  3361 | D:4      | Noticed Natasha
  3509 | D:4      | Killed Natasha
  3509 | D:4      | Reached skill level 3 in Slings
  3673 | D:4      | Noticed Natasha
  3678 | D:4      | Killed Natasha
  3698 | D:4      | Found a shattered altar of Ashenzari.
  3800 | D:5      | Entered Level 5 of the Dungeon
  3800 | D:5      | Noticed an ogre
  3803 | D:5      | Killed an ogre
  3803 | D:5      | Reached XP level 6. HP: 50/50 MP: 7/9
  3865 | D:5      | Reached skill level 4 in Slings
  3865 | D:5      | Reached skill level 1 in Evocations
  3870 | D:5      | Gained mutation: Your mind is acute. (Int +2) [mutagenic meat]
  3871 | D:5      | Gained mutation: You are clumsy. (Dex -2) [mutagenic meat]
  4248 | D:5      | Reached XP level 7. HP: 35/57 MP: 10/10
  4419 | D:5      | Reached skill level 5 in Slings
  4962 | D:6      | Lost mutation: Your mind is acute. (Int +2) [potion of mutation]
  4962 | D:6      | Lost mutation: You are clumsy. (Dex -2) [potion of mutation]
  4962 | D:6      | Gained mutation: Your mind is acute. (Int +2) [potion of mutation]
  4962 | D:6      | Gained mutation: You have large cloven feet. [potion of mutation]
  4962 | D:6      | Gained mutation: You have a pair of small antennae on your head. [potion of mutation]
  5049 | D:6      | Found a white marble altar of Elyvilon.
  5073 | D:6      | Lost mutation: You have a pair of small antennae on your head. [potion of mutation]
  5073 | D:6      | Lost mutation: Your mind is acute. (Int +2) [potion of mutation]
  5073 | D:6      | Gained mutation: Armour fits poorly on your strangely shaped body. [potion of mutation]
  5073 | D:6      | Gained mutation: You are dopey. (Int -2) [potion of mutation]
  5073 | D:6      | Gained mutation: Your muscles are strong. (Str +2) [potion of mutation]
  5408 | D:6      | Lost mutation: Armour fits poorly on your strangely shaped body. [potion of mutation]
  5408 | D:6      | Lost mutation: You are dopey. (Int -2) [potion of mutation]
  5408 | D:6      | Gained mutation: You are agile. (Dex +2) [potion of mutation]
  5408 | D:6      | Gained mutation: Your system is resistant to poisons. (rPois) [potion of mutation]
  5448 | D:6      | Lost mutation: You have large cloven feet. [potion of mutation]
  5448 | D:6      | Lost mutation: Your muscles are strong. (Str +2) [potion of mutation]
  5448 | D:6      | Lost mutation: You are agile. (Dex +2) [potion of mutation]
  5448 | D:6      | Lost mutation: Your system is resistant to poisons. (rPois) [potion of mutation]
  5448 | D:6      | Gained mutation: You expend magic power (3 MP) to strengthen your wands. [potion of mutation]
  5448 | D:6      | Gained mutation: Your body sometimes deteriorates upon taking damage. [potion of mutation]
  5448 | D:6      | Gained mutation: You are robust. (+10% HP) [potion of mutation]
  5449 | D:6      | Lost mutation: You expend magic power (3 MP) to strengthen your wands. [potion of mutation]
  5449 | D:6      | Lost mutation: Your body sometimes deteriorates upon taking damage. [potion of mutation]
  5449 | D:6      | Lost mutation: You are robust. (+10% HP) [potion of mutation]
  5449 | D:6      | Gained mutation: You have a pair of small horns on your head. [potion of mutation]
  5449 | D:6      | Gained mutation: You are partially covered in yellow scales. (AC +2) [potion of mutation]
  5449 | D:6      | Gained mutation: You have sharp toenails. [potion of mutation]
  5453 | D:6      | Found a glowing silver altar of Zin.
  5635 | D:6      | Reached skill level 1 in Stealth
  5664 | D:6      | Gained mutation: You are partially covered in rugged brown scales. (AC +1, +3% HP) [mutagenic meat]
  5665 | D:6      | Gained mutation: You are somewhat resistant to further mutation. [mutagenic meat]
  5999 | D:7      | HP: 2/58 [poisoned by a killer bee]
  6006 | D:7      | HP: 2/58 [poisoned by a killer bee]
  6014 | D:7      | HP: 1/58 [poisoned by a killer bee]
  6067 | D:7      | HP: 2/58 [killer bee (5)]
  6068 | D:7      | Slain by a killer bee

Vault maps used:
D:1:      minmay_arrival_stone_box
D:2:      overflow_temple_1_default, lemuel_round_altar, first_bread
D:3:      serial_bayou_pond_e, corexii_shack, supply_closet_lemuel
D:4:      cheibrodos_ashenzari_chains, temple_fountains, corexii_checkpoint_a,
          uniq_natasha
D:6:      nicolae_overflow_crystal_walls, elyvilon_altar_5, portal_sewer_entry_d

Skill      XL: |  1  2  3  4  5  6  7 |
---------------+----------------------+-----
Bows           | 4 |  4.5
Fighting       | 2 3 |  3.5
Slings         | 1 2 3 4 5 |  5.8
Short Blades   | 1 |  1.2
Armour         | 1 2 3 |  3.3
Evocations     | 1 2 |  2.1
Stealth        | 1 |  1.0
Maces & Flails | |  0.6
Staves         | |  0.1
Throwing       | |  0.3
Dodging        | |  1.9

Action                   |  1- 3 |  4- 6 |  7- 9 || total
-------------------------+-------+-------+-------++-------
Melee: Short sword       |    54 |    12 |       ||    66
       Flail             |       |    18 |    14 ||    32
       Whip              |       |       |    21 ||    21
       Kick              |       |       |    10 ||    10
       Staff             |       |       |     7 ||     7
       Headbutt          |       |       |     2 ||     2
       Hunting sling     |       |       |     1 ||     1
 Fire: Shortbow          |    55 |       |       ||    55
       Hunting sling     |    47 |   147 |    71 ||   265
Throw: Stone             |       |       |     5 ||     5
Evoke: Wand              |       |    15 |    26 ||    41
  Use: Scroll            |    14 |     5 |     9 ||    28
       Potion            |     2 |     3 |    14 ||    19
  Eat: Chunk             |     2 |     8 |     6 ||    16
       Royal jelly       |       |     1 |     1 ||     2
       Bread ration      |       |       |     1 ||     1
Armor: Chain mail        |    59 |    57 |    65 ||   181
Dodge: Dodged            |    40 |    13 |    22 ||    75
